 Dungeon Crawl Stone Soup version 0.28.0-53-g5a82cb258f (webtiles) character file.

Game seed: 3711356603482899379

345 gobodom the Skirmisher (level 6, -1/42 (50) HPs)
             Began as a Demonspawn Chaos Knight on June 7, 2022.
             Was a Plaything of Xom.
             Slain by a scorpion (7 damage)
             ... on level 4 of the Dungeon.
             The game lasted 00:20:15 (3285 turns).

gobodom the Skirmisher (Demonspawn Chaos Knight)    Turns: 3285, Time: 00:20:16

HP:   -1/42 (50)    AC: 11    Str: 15    XL:     6   Next: 32%
MP:   6/6           EV:  4    Int: 13    God:    Xom [......]
Gold: 100           SH:  0    Dex: 10    Spells: 5/5 levels left

rFire   . . .      SeeInvis .   e - +2 hand axe (elec)
rCold   . . .      Faith    .   (no shield)
rNeg    . . .      Spirit   .   j - +0 plate armour
rPois   .          Reflect  .   (helmet restricted)
rElec   .          Harm     .   (no cloak)
rCorr   .          Rampage  .   (no gloves)
Will    .....                   (no boots)
Stlth   ..........              (no amulet)
HPRegen 0.14/turn               h - ring of wizardry
MPRegen 0.10/turn               (no ring)

@: lethally poisoned (-1 -> -7), heavily drained, unable to read
A: antennae 1, hooves 1, powered by death 1, weakness stinger 1, clumsy 1,
inability to read while threatened
a: Renounce Religion


You were on level 4 of the Dungeon.
You worshipped Xom.
You were a very special plaything of Xom.
You visited 1 branch of the dungeon, and saw 4 of its levels.

You collected 100 gold pieces.

Inventory:

Hand Weapons
 a - a +0 hand axe of chaos
 c - a +0 mace of protection
 e - a +2 hand axe of electrocution (weapon)
 g - a +4 vampiric dagger
Missiles
 f - 83 stones
 n - 2 poisoned darts
 o - a boomerang of dispersal (quivered)
Armour
 b - a +2 leather armour
 j - a +0 plate armour (worn)
 m - a +3 chain mail of cold resistance
Magical Staves
 k - a staff of air
Jewellery
 h - a ring of wizardry (left hand)
Scrolls
 l - 2 scrolls of identify
 r - a scroll of noise {unknown}
Potions
 d - a potion of brilliance
 i - a potion of heal wounds {unknown}
 p - a potion of might {unknown}
 q - a potion of ambrosia {unknown}
 s - a potion of flight {unknown}


   Skills:
 + Level 4.8 Fighting
 + Level 1.2 Short Blades
 + Level 4.0 Axes
 + Level 0.8 Throwing
 + Level 3.1 Armour
 + Level 1.4 Dodging
 + Level 0.2 Stealth


You had 5 spell levels left.
You didn't know any spells.
Your spell library contained the following spells:

 Spells                   Type           Power      Damage    Failure   Level
 Stone Arrow              Conj/Erth      0%         3d7       100%        3
 Leda's Liquefaction      Hex/Erth       0%         N/A       100%        4
 Iron Shot                Conj/Erth      0%         9d1       100%        6
 Statue Form              Tmut/Erth      0%         N/A       100%        6


Dungeon Overview and Level Annotations

Branches:
Dungeon (4/15)
 Temple: D:4-7

Altars:
Ru

Shops:
D:2 [


Innate Abilities, Weirdness & Mutations

You have a pair of small antennae on your head.
You have large cloven feet.
You regenerate a little health from kills.
You have a small tail.
You are clumsy. (Dex -2)
You sometimes lose the ability to read scrolls when taking damage.


Message History

HP restored.
i - a bubbling red potion
Found 10 gold pieces.
You now have 100 gold pieces (gained 10).
The scorpion stings you.
You hit the scorpion but do no damage. You kick the scorpion.
The scorpion is lightly wounded.
The scorpion stings you but does no damage.
You closely miss the scorpion. You tail-slap the scorpion.
The scorpion is moderately wounded.
The scorpion barely misses you. The scorpion stings you.
You hit the scorpion.
The scorpion is heavily wounded.
The scorpion stings you.
You are poisoned.
The scorpion poisons you!
You hit the scorpion but do no damage.
The scorpion is heavily wounded.
You feel very sick.
The scorpion stings you but does no damage.
You barely miss the scorpion. Your kick misses the scorpion.
Your tail-slap misses the scorpion.
The scorpion is heavily wounded.
You feel very sick. The scorpion stings you.
You are more poisoned.
The scorpion poisons you!
The scorpion stings you but does no damage.
You feel very sick.
You closely miss the scorpion. Your kick misses the scorpion.
The scorpion is heavily wounded.
You feel very sick. The scorpion stings you.
You feel threatened and lose the ability to read scrolls!
* * * LOW HITPOINT WARNING * * *
* * * LOW HITPOINT WARNING * * *
You feel very sick.
* * * LOW HITPOINT WARNING * * *
You feel sick. The scorpion stings you!
You die...

.#.#####..#.#
#.. #.. #.#
#.# #.# ###.#
#.s.# #@###
#.# #.# #.#
#.#
#.#########
#.##.<....#
#.##.####.##
#...........


You could see a scorpion.

Vanquished Creatures
  The ghost of Soldner the Shield-Bearer, an amateur MiFi (D:3)
  2 bullfrog zombies (D:3)
  Terence (D:3)
  Natasha (thrice) (D:3)
  An adder (D:2)
  2 worms
  10 orcs (D:3)
  3 endoplasms
  A giant cockroach (D:3)
  8 goblins
  5 hobgoblins (D:2)
  A jackal (D:1)
  3 kobolds (D:2)
  4 quokkas
  6 ball pythons
  A bat (D:2)
  3 frilled lizards
  5 rats
60 creatures vanquished.

Vanquished Creatures (collateral kills)
  An adder (D:3)
  A goblin (D:3)
2 creatures vanquished.

Grand Total: 62 creatures vanquished

Notes
Turn   | Place    | Note
-------+----------+-------------------------------------------
     0 | D:1      | gobodom the Demonspawn Chaos Knight began the quest for the
                  | Orb.
     0 | D:1      | Reached XP level 1. HP: 18/18 MP: 1/1
   279 | D:1      | XOM: divination: detect items
   628 | D:1      | Discovered your monstrous ancestry.
   628 | D:1      | Gained mutation: You have a small tail. [demonic ancestry]
   628 | D:1      | Reached XP level 2. HP: 23/24 MP: 2/2
   968 | D:2      | Found a faded altar of an unknown god.
  1056 | D:2      | XOM: silly message
  1119 | D:2      | Gained mutation: You have large cloven feet. [demonic
                  | ancestry]
  1119 | D:2      | Reached XP level 3. HP: 29/29 MP: 3/3
  1168 | D:2      | Found Ofra's Antique Armour Shoppe.
  1180 | D:2      | Got the Catalogue of Earth
  1201 | D:2      | XOM: silly message
  1353 | D:2      | XOM: silly message
  1483 | D:3      | Reached skill level 1 in Dodging
  1720 | D:3      | Noticed Terence
  1730 | D:3      | Killed Terence
  1731 | D:3      | Gained mutation: You have a pair of small antennae on your
                  | head. [demonic ancestry]
  1731 | D:3      | Reached XP level 4. HP: 36/37 MP: 4/4
  1735 | D:3      | Reached skill level 1 in Short Blades
  1812 | D:3      | Found a sacrificial altar of Ru.
  1831 | D:3      | Noticed Natasha
  1847 | D:3      | XOM: potion effect (curing)
  2032 | D:3      | XOM: summons 4 friendly demons
  2033 | D:3      | Killed Natasha
  2084 | D:3      | XOM: divination: detect creatures
  2251 | D:3      | Reached XP level 5. HP: 43/43 MP: 5/5
  2313 | D:3      | Noticed Natasha
  2322 | D:3      | Killed Natasha
  2326 | D:3      | XOM is BORED!
  2458 | D:3      | Noticed Natasha
  2467 | D:3      | Killed Natasha
  2499 | D:3      | XOM: give mutations
  2499 | D:3      | Gained mutation: You sometimes lose the ability to read
                  | scrolls when taking damage. [Xom's mischief]
  2499 | D:3      | Gained mutation: You occasionally shout uncontrollably at
                  | your foes. [Xom's mischief]
  2499 | D:3      | Gained mutation: You are clumsy. (Dex -2) [Xom's mischief]
  2499 | D:3      | Lost mutation: You occasionally shout uncontrollably at
                  | your foes. [Xom's mischief]
  2594 | D:3      | Found a runed translucent gate.
  2594 | D:3      | Found a runed translucent gate.
  2594 | D:3      | Found a runed translucent gate.
  2599 | D:3      | Noticed Soldner's ghost (amateur MiFi)
  2601 | D:3      | XOM: noise
  2620 | D:3      | XOM: swap monsters
  2634 | D:3      | Killed Soldner's ghost
  2635 | D:3      | Gained mutation: You regenerate a little health from kills.
                  | [demonic ancestry]
  2635 | D:3      | Reached XP level 6. HP: 21/50 MP: 6/6
  2870 | D:4      | XOM: noise
  2872 | D:4      | XOM: enchant monster (bad)
  2988 | D:3      | XOM: summons 1 hostile demon
  3046 | D:3      | XOM: draining
  3058 | D:3      | XOM: summons 4 hostile demons
  3059 | D:3      | Noticed a chaos spawn
  3285 | D:4      | Slain by a scorpion

Illustrated notes

Levels and vault maps discovered:
D:1:      dpeg_arrival_brainrot, layout_basic, minmay_misc_feat_tower
D:2:      layout_rooms, shapermc_ecumenical_altar_mp_highgroup, serial_shops,
          shop, eino_curves_04, chequers_serial_rivers_small_a,
          skrybe_limestone_x, minivault_5
D:3:      layout_basic, mainiacjoe_overflow_chevrons,
          gammafunk_ghost_necromancy, uniq_natasha, uniq_terence
D:4:      layout_loops_cross, serial_shops, nicolae_stop_n_shop_1, uniq_pikel

Skill      XL: |  1  2  3  4  5 |
---------------+----------------+-----
Axes           | 3 4 |  4.0
Armour         | 2 3 |  3.1
Dodging        | 1 |  1.4
Fighting       | 4 |  4.8
Short Blades   | 1 |  1.2
Throwing       | |  0.8
Stealth        | |  0.2

Action                   |  1- 3 |  4- 6 || total
-------------------------+-------+-------++-------
Melee: Dagger            |    67 |       ||    67
       Hand axe          |    35 |    84 ||   119
       Tailslap          |     7 |     8 ||    15
       Punch             |     2 |       ||     2
       Kick              |     5 |    19 ||    24
Throw: Dart              |     2 |       ||     2
       Stone             |       |    10 ||    10
       Boomerang         |       |     4 ||     4
  Use: Scroll            |     5 |     2 ||     7
       Potion            |     1 |     2 ||     3
 Stab: Confused          |       |     2 ||     2
Armor: Leather armour    |    34 |       ||    34
       Plate armour      |    15 |    67 ||    82
Dodge: Dodged            |    69 |    25 ||    94
